 Dungeon Crawl Stone Soup version 0.22.1-1-ga44c0e56f4 (webtiles) character file.

2905 Jukra the Basher (level 9, -5/75 HPs)
             Began as a Minotaur Fighter on Sept 23, 2018.
             Was a Priest of Ru.
             Slain by a phantom (9 damage)
             ... on level 8 of the Dungeon.
             The game lasted 00:26:24 (6480 turns).

Jukra the Basher (Minotaur Fighter)                 Turns: 6480, Time: 00:26:26

Health: -5/75      AC:  1    Str: 28    XL:     9   Next: 49%
Magic:  8/8        EV:  8    Int:  5    God:    Ru [***...]
Gold:   255        SH: 11    Dex: 11    Spells: 8/8 levels left

rFire    . . .     SeeInvis +   B - +0 mace (drain)
rCold    . . .     Gourm    .   c - +0 shield
rNeg     . . .     Faith    .   p - +1 chain mail {rPois}
rPois    +         Spirit   .   (helmet restricted)
rElec    .         Reflect  .   J - scarf {cloud immunity}
rCorr    .         Harm     .   z - +0 pair of gloves
MR       .....                  (no boots)
Stlth    ..........             (no amulet)
HPRegen  0.22/turn              w - +5 ring of strength
MPRegen  0.11/turn              P - ring of see invisible

@: corroded, no scrolls
A: retaliatory headbutt, horns 2, inability to read while threatened, no
stealth, unskilled 1
a: Draw Out Power, Renounce Religion


You were on level 8 of the Dungeon.
You worshipped Ru.
Ru was most pleased with you.
You were not hungry.

You visited 1 branch of the dungeon, and saw 9 of its levels.

You collected 442 gold pieces.
You spent 187 gold pieces at shops.

Inventory:

Hand Weapons
 a - a +0 flail
 B - a +0 mace of draining (weapon)
 E - a +0 flail of pain
 H - a +2 mace of holy wrath
 K - a +2 mace of protection
 M - the +6 long sword "Osuus" {protect, +Blink +Fly rF-}
   (You bought it in a shop on level 6 of the Dungeon)

   It protects the one who uses it against injury (+AC on strike).
   It makes you vulnerable to fire.
   It lets you fly.
   It lets you blink.
Armour
 b - a +0 scale mail
 c - a +0 shield (worn)
 p - a +1 chain mail of poison resistance (worn)
 z - a +0 pair of gloves (worn)
 J - a scarf of cloud immunity (worn)
 L - a +3 chain mail
Jewellery
 w - a +5 ring of strength (left hand)
 P - a ring of see invisible (right hand)
Wands
 F - a wand of flame (23)
 N - a wand of random effects (60)
 O - a wand of acid (4)
Scrolls
 e - 6 scrolls of identify
 i - 8 scrolls of teleportation
 m - 7 scrolls of remove curse
 o - a scroll of random uselessness {unknown}
 s - 2 scrolls of fear {unknown}
 t - 3 scrolls of amnesia {unknown}
 u - a scroll of enchant armour {unknown}
 x - 3 scrolls of magic mapping {unknown}
 y - 2 scrolls of blinking {unknown}
 A - a scroll of enchant weapon {unknown}
 C - a scroll of noise {unknown}
 I - 2 scrolls of fog {unknown}
Potions
 d - 4 potions of might
 g - 2 potions of agility
 h - a potion of flight {unknown}
 j - 3 potions of ambrosia {unknown}
 k - a potion of haste {unknown}
 l - 2 potions of invisibility {unknown}
 n - 4 potions of degeneration {unknown}
 q - 3 potions of heal wounds {unknown}
 r - 2 potions of lignification {unknown}
 v - a potion of curing {unknown}
 D - a potion of cancellation {unknown}
 G - a potion of brilliance {unknown}
 Q - a potion of mutation {unknown}
Comestibles
 f - 10 rations


   Skills:
 + Level 6.0 Fighting
 + Level 9.0 Maces & Flails
 + Level 7.6 Armour
 + Level 2.8 Dodging
 + Level 7.7 Shields


You had 8 spell levels left.
You didn't know any spells.
Your spell library was empty.

Dungeon Overview and Level Annotations

Branches:
Dungeon (9/15)             Temple (0/1) D:6
   Lair: D:8-11         Orc: D:9-12

Altars:
Ashenzari
Dithmenos
Fedhas
Gozag
Qazlal
Ru
Trog
Uskayaw
Vehumet
Xom
Yredelemnul
Jiyva

Shops:
D:4 !   D:6 (([(


Innate Abilities, Weirdness & Mutations

You reflexively headbutt those who attack you in melee.
You have a pair of horns on your head.
You cannot read scrolls while threatened.
You cannot be stealthy.
You are somewhat unskilled. (-1 Apt)


Message History

You hit the jelly but do no damage.
Your hands burn!
* * * LOW HITPOINT WARNING * * *
The jelly is lightly wounded.
The phantom hits you.
* * * LOW HITPOINT WARNING * * *
The jelly hits you but does no damage. You block the phantom's attack.
There is a stone staircase leading up here.
The jelly jiggles.
The jelly hits you but does no damage. You block the phantom's attack.
You climb upwards.
There is a stone staircase leading down here.
You hit the phantom but do no damage. Your headbutt misses the phantom.
The phantom is moderately damaged.
The jelly hits you.
* * * LOW HITPOINT WARNING * * *
You are splashed with acid!
The acid burns!
* * * LOW HITPOINT WARNING * * *
The phantom hits you!
You die...

#.## ##.>..#.###..^#..
#(.###>###.#.# ##...##
#.#.#.## #.#.# ###.#.
#.##.## #.#.# #.#.
#.#### #.#.# #.#. #.#
##.#.## #.#. #.#
##.....## #.#.
#.######.....#.####.#.
#.##J@..............#.
#.....W......#..#####.
####.####.............
#.# ##.#..###.###. #)#
#....# #.# #. #.#
###..###.###. #.#
###........
#.##########.######
#(...........#


You could see a phantom and a jelly.

Vanquished Creatures
  Joseph (D:7)
  Edmund (D:4)
  An ice beast (D:8)
  2 sky beasts (D:8)
  3 ogres
  3 centaurs
  A big kobold (D:4)
  A bullfrog (D:6)
  A scorpion (D:8)
  5 killer bees (D:7)
  A wight (D:8)
  A howler monkey (D:4)
  3 crimson imps
  2 hounds
  A gnoll shaman (D:4)
  6 jellies
  6 orc wizards
  4 orc priests
  6 worker ants
  2 iguanas (D:4)
  A hound skeleton (D:7)
  A worker ant zombie (D:8)
  9 adders
  4 gnolls
  A howler monkey skeleton (D:6)
  A shadow imp (D:8)
  An ooze (D:6)
  An adder zombie (D:7)
  2 worms
  2 dart slugs
  7 leopard geckos
  24 orcs
  3 giant cockroaches
  15 goblins
  11 hobgoblins
  15 jackals
  12 kobolds
  4 quokkas
  A ball python (D:3)
  4 bats
  5 frilled lizards
  A jackal skeleton (D:7)
  A leopard gecko zombie (D:8)
  A quokka skeleton (D:6)
  11 rats
189 creatures vanquished.

Vanquished Creatures (others)
  A bullfrog (D:6)
1 creature vanquished.

Grand Total: 190 creatures vanquished

Notes
Turn   | Place    | Note
-------+----------+-------------------------------------------
     0 | D:1      | Jukra the Minotaur Fighter began the quest for the Orb.
     0 | D:1      | Reached XP level 1. HP: 19/19 MP: 0/0
    29 | D:1      | Reached XP level 2. HP: 16/27 MP: 1/1
   257 | D:1      | Reached XP level 3. HP: 23/33 MP: 2/2
   648 | D:2      | Reached skill level 3 in Maces & Flails
   683 | D:2      | Reached XP level 4. HP: 34/40 MP: 3/3
   897 | D:2      | Found a sacrificial altar of Ru.
   918 | D:2      | Became a worshipper of Ru the Awakened
  1014 | D:2      | Reached XP level 5. HP: 44/47 MP: 4/4
  1082 | D:2      | Reached skill level 5 in Shields
  1141 | D:2      | Found an opulent altar of Gozag.
  1519 | D:3      | Found a radiant altar of Vehumet.
  1775 | D:3      | Found a faded altar of an unknown god.
  1941 | D:3      | Gained mutation: You are somewhat unskilled. (-1 Apt) [Ru
                  | sacrifice]
  1941 | D:3      | Reached * piety under Ru
  2196 | D:4      | Noticed an ogre
  2199 | D:4      | Killed an ogre
  2199 | D:4      | Reached XP level 6. HP: 24/53 MP: 5/5
  2423 | D:4      | Found Juafeax's Distillery.
  2452 | D:4      | Found a bloodstained altar of Trog.
  2508 | D:4      | Reached skill level 5 in Shields
  2512 | D:4      | Reached skill level 1 in Dodging
  2514 | D:4      | Reached skill level 4 in Maces & Flails
  2541 | D:4      | Noticed Edmund
  2560 | D:4      | Killed Edmund
  2560 | D:4      | Reached skill level 5 in Armour
  2560 | D:4      | Reached XP level 7. HP: 47/60 MP: 6/6
  2590 | D:4      | Found a radiant altar of Vehumet.
  2742 | D:4      | Found a basalt altar of Yredelemnul.
  3046 | D:4      | Reached skill level 5 in Maces & Flails
  3062 | D:4      | Reached skill level 5 in Fighting
  3140 | D:5      | Entered Level 5 of the Dungeon
  3347 | D:5      | Found a sparkling altar of Nemelex Xobeh.
  3349 | D:5      | Found a white marble altar of Elyvilon.
  3349 | D:5      | Found a bloodstained altar of Trog.
  3351 | D:5      | Found a basalt altar of Yredelemnul.
  3351 | D:5      | Found a shimmering altar of Xom.
  3351 | D:5      | Found an iron altar of Okawaru.
  3419 | D:5      | Reached skill level 6 in Maces & Flails
  3421 | D:5      | Reached XP level 8. HP: 68/68 MP: 7/7
  3451 | D:5      | Found a shadowy altar of Dithmenos.
  3627 | D:5      | Found a hide-covered altar of Uskayaw.
  3860 | D:6      | Found a staircase to the Ecumenical Temple.
  3894 | D:6      | Found Riduas's Antique Weapon Boutique.
  3902 | D:6      | Bought a transparent long sword for 187 gold pieces
  3902 | D:6      | Identified the +6 long sword "Osuus" {protect, +Blink +Fly
                  | rF-} (You bought it in a shop on level 6 of the Dungeon)
  3907 | D:6      | Gained mutation: You cannot be stealthy. [Ru sacrifice]
  3907 | D:6      | Reached ** piety under Ru
  3972 | D:6      | Found Raugynk's Weapon Shop.
  4054 | D:6      | Found a stormy altar of Qazlal.
  4133 | D:6      | Reached skill level 7 in Maces & Flails
  4229 | D:6      | Found a blossoming altar of Fedhas.
  4382 | D:6      | Found Qijerar's Antique Weapon Emporium.
  4498 | D:6      | Found Femank's Antique Armour Shop.
  4643 | D:7      | Found an opulent altar of Gozag.
  4861 | D:7      | Noticed Joseph
  4872 | D:7      | Killed Joseph
  4988 | D:7      | Found a shattered altar of Ashenzari.
  5063 | D:7      | Reached skill level 8 in Maces & Flails
  5082 | D:7      | Reached XP level 9. HP: 47/74 MP: 8/8
  5670 | D:8      | Gained mutation: You cannot read scrolls while threatened.
                  | [Ru sacrifice]
  5670 | D:8      | Reached *** piety under Ru
  6463 | D:9      | Found a viscous altar of Jiyva.
  6473 | D:9      | Reached skill level 9 in Maces & Flails
  6480 | D:8      | Slain by a phantom

Skill      XL: |  1  2  3  4  5  6  7  8  9 |
---------------+----------------------------+-----
Armour         | 4 5 6 7 |  7.6
Shields        | 4 4 5 6 7 |  7.7
Fighting       | 4 5 6 |  6.0
Maces & Flails | 3 4 6 8 9 |  9.0
Dodging        | 1 2 |  2.8

Action                   |  1- 3 |  4- 6 |  7- 9 || total
-------------------------+-------+-------+-------++-------
Melee: Flail             |    89 |   150 |       ||   239
       Headbutt          |    10 |    24 |    56 ||    90
       Mace              |       |    33 |   316 ||   349
Invok: Sacrifice Skill   |       |     1 |       ||     1
       Sacrifice Stealth |       |       |     1 ||     1
       Sacrifice Words   |       |       |     1 ||     1
  Use: Scroll            |       |       |     2 ||     2
 Stab: Distracted        |       |       |     1 ||     1
  Eat: Chunk             |       |     5 |    12 ||    17
       Ration            |       |       |     1 ||     1
Armor: Scale mail        |    54 |     5 |       ||    59
       Chain mail        |       |    89 |   149 ||   238
Dodge: Dodged            |    24 |    59 |    69 ||   152
Block: Shield            |    48 |    97 |   176 ||   321
